 Dungeon Crawl Stone Soup version 0.31.0-9-g3a7656b989 (webtiles) character file.

Game seed: 12425117492817845102

107 Colgate the Trooper (level 4, -3/36 (38) HPs)
             Began as a Demonspawn Chaos Knight on Feb 3, 2024.
             Was a Plaything of Xom.
             Slain by Crazy Yiuf
             ... wielding a +2 quarterstaff of chaos
              (6 damage)
             ... on level 2 of the Dungeon.
             The game lasted 00:06:11 (1245 turns).

Colgate the Trooper (Demonspawn Chaos Knight)       Turns: 1245, Time: 00:06:11

HP:   -3/36 (38)    AC:  6    Str: 15    XL:     4   Next: 57%
MP:   4/4           EV: 11    Int: 12    God:    Xom [.....*]
Gold: 93            SH:  0    Dex: 12    Spells: 3/3 levels left

rFire   . . .        a - +0 spear (chaos)
rCold   . . .        (no shield)
rNeg    . . .        b - +2 leather armour
rPois   .            i - +0 helmet
rElec   .            (no cloak)
rCorr   .            (no gloves)
SInv    .            (no boots)
Will    .....        (no amulet)
Stlth   +            (no ring)
HPRegen 0.26/turn    (no ring)
MPRegen 0.09/turn

%: no passive effects
@: drained
A: ignite blood 1, powered by death 1
a: Renounce Religion


You were on level 2 of the Dungeon.
You worshipped Xom.
You were Xom's teddy bear.
You visited 1 branch of the dungeon, and saw 2 of its levels.

You collected 93 gold pieces.

Inventory:

Hand Weapons
 a - a +0 spear of chaos (weapon)
Armour
 b - a +2 leather armour (worn)
 g - a +0 scale mail
 i - a +0 helmet (worn)
Talismans
 f - a flux talisman
Scrolls
 c - a scroll of butterflies
 d - a scroll of noise {unknown}
 j - a scroll of teleportation {unknown}
Potions
 e - a potion of mutation {unknown}
 h - a potion of curing {unknown}
 k - a potion of magic {unknown}
 l - a potion of degeneration {unknown}


   Skills:
 + Level 4.9 Fighting
 - Level 3.3 Polearms
 - Level 1.7 Armour
 - Level 0.8 Dodging


You had 3 spell levels left.
You didn't know any spells.
Your spell library contained the following spells:

 Spells                   Type           Power      Damage    Failure   Level
 Hailstorm                Conj/Ice       0%         3d5       77%         3
 Summon Ice Beast         Ice/Summ       0%         N/A       77%         3
 Sculpt Simulacrum        Ice/Alch       0%         N/A       100%        6


Dungeon Overview and Level Annotations

Branches:
Dungeon (2/15)

Altars:

Annotations:
D:2 Crazy Yiuf


Innate Abilities, Weirdness & Mutations

Your demonic aura sometimes causes spilled blood to erupt in flames.
You regenerate a little health from kills.


Message History

No target in view!
You see here a +0 hammer.
Found three hammers.
You see here a +0 hammer.
You open the door. You closely miss Crazy Yiuf.
Crazy Yiuf hits you with a +2 quarterstaff of chaos.
Crazy Yiuf burns you.
You hit Crazy Yiuf but do no damage. You drain Crazy Yiuf.
You are now Xom's teddy bear.
You hit Crazy Yiuf but do no damage.
Crazy Yiuf hits you with a +2 quarterstaff of chaos.
You are electrocuted!
You barely miss Crazy Yiuf.
Crazy Yiuf hits you with a +2 quarterstaff of chaos.
You feel drained.
You see here a +0 hammer.
Reach: a) +0 spear (chaos)
Press: ? - help, Dir - move target, f - Crazy Yiuf
Aim: Crazy Yiuf, wielding a +2 quarterstaff of chaos and wearing a +2 cloak (moderately wounded, heavily drained, about 34% to evade your +0 spear of chaos)
You reach to attack!
You barely miss Crazy Yiuf.
Reach: a) +0 spear (chaos)
Press: ? - help, Dir - move target, f/p - Crazy Yiuf
Aim: Crazy Yiuf, wielding a +2 quarterstaff of chaos and wearing a +2 cloak (moderately wounded, heavily drained, about 34% to evade your +0 spear of chaos)
You reach to attack!
You hit Crazy Yiuf but do no damage.
Crazy Yiuf seems to grow stronger.
Reach: a) +0 spear (chaos)
Press: ? - help, Dir - move target, f/p - Crazy Yiuf
Aim: Crazy Yiuf, wielding a +2 quarterstaff of chaos and wearing a +2 cloak (moderately wounded, strong, heavily drained, about 34% to evade your +0 spear of chaos)
You reach to attack!
You barely miss Crazy Yiuf.
Reach: a) +0 spear (chaos)
Press: ? - help, Dir - move target, f/p - Crazy Yiuf
Aim: Crazy Yiuf, wielding a +2 quarterstaff of chaos and wearing a +2 cloak (moderately wounded, strong, heavily drained, about 34% to evade your +0 spear of chaos)
You reach to attack!
You barely miss Crazy Yiuf. You completely miss Crazy Yiuf.
Crazy Yiuf hits you with a +2 quarterstaff of chaos!
* * * LOW HITPOINT WARNING * * *
You convulse.
You die...
Xom chortles!

#.#.####.#...#.#
#.[....#
#........#.###.#
#...)..# ##.#.########
### ##.....# #.<#.#
#.....### ##.#.#
#........ #.#.######♣♣
### #####....
#.#..##.#..♣♣ ♣♣#)))#
#....
#.#.........♣♣♣♣g')).#
#....
#.#.###.....)♣)@♣#)))#
#.... #.#.#
###..)♣)♣♣♣ ### #....
#.#.# ##♣♣♣♣♣ #####
#.# #.# #.. ##


You could see Crazy Yiuf (strong, very drained).

Vanquished Creatures
  A howler monkey (D:1)
  2 adders (D:2)
  A ribbon worm (D:2)
  An orc (D:2)
  3 bats (D:1)
  3 endoplasms (D:2)
  3 giant cockroaches
  4 goblins
  4 hobgoblins
  3 jackals (D:1)
  3 quokkas
  5 ball pythons
  2 frilled lizards (D:2)
  5 kobolds
  2 rats (D:1)
42 creatures vanquished.

Notes
Turn   | Place    | Note
-------+----------+-------------------------------------------
     0 | D:1      | Colgate the Demonspawn Chaos Knight began the quest for the
                  | Orb.
     0 | D:1      | Reached XP level 1. HP: 18/18 MP: 1/1
   109 | D:1      | Gained mutation: You regenerate a little health from kills.
                  | [demonic ancestry]
   109 | D:1      | Reached XP level 2. HP: 24/24 MP: 2/2
   272 | D:1      | XOM: silly message
   273 | D:1      | a jackal changed into a howler monkey
   273 | D:1      | Noticed a howler monkey
   273 | D:1      | XOM: polymorph jackal -> howler monkey
   276 | D:1      | Killed a howler monkey
   277 | D:1      | Reached skill level 4 in Fighting
   277 | D:1      | Reached XP level 3. HP: 30/30 MP: 3/3
   369 | D:1      | XOM: silly message
   726 | D:2      | Gained mutation: Your demonic aura sometimes causes spilled
                  | blood to erupt in flames. [demonic ancestry]
   726 | D:2      | Reached XP level 4. HP: 34/38 MP: 4/4
   736 | D:2      | XOM: silly message
   840 | D:2      | XOM: cast spell 'Cause Fear'
  1231 | D:2      | Found a runed translucent door.
  1232 | D:2      | Noticed Crazy Yiuf
  1245 | D:2      | Slain by Crazy Yiuf

Illustrated notes

Levels and vault maps discovered:
D:1:      dpeg_arrival_rhombi, layout_rooms, serial_glass, glass_columns_a,
          glass_columns_c
D:2:      cheibrodos_helix_gallery, layout_basic, uniq_crazy_yiuf_cottage

Skill      XL: |  1  2 |
---------------+-------+-----
Polearms       | 3 |  3.3
Fighting       | 4 |  4.9
Armour         | |  1.7
Dodging        | |  0.8

Action                     |  1- 3 |  4- 6 || total
---------------------------+-------+-------++-------
  Melee: Spear             |    77 |    85 ||   162
   Stab: Sleeping          |     1 |       ||     1
 Armour: Leather armour    |    38 |    38 ||    76
  Dodge: Dodged            |    32 |    42 ||    74
